 Dungeon Crawl Stone Soup version 0.27.0-1-g7a089689b8 (webtiles) character file.

Game seed: 10454891215241738240

8 apoch the Chopper (level 2, -1/27 HPs)
             Began as a Hill Orc Chaos Knight on Aug 2, 2021.
             Succumbed to a kobold's poison
             ... on level 1 of the Dungeon.
             The game lasted 00:01:03 (566 turns).

apoch the Chopper (Hill Orc Chaos Knight)            Turns: 566, Time: 00:01:04

Health: -1/27      AC:  5    Str: 14    XL:     2   Next: 8%
Magic:  2/2        EV: 11    Int: 12    God:
Gold:   16         SH:  0    Dex: 10    Spells: 1/1 levels left

rFire    . . .     SeeInvis .   a - +0 hand axe (chaos)
rCold    . . .     Faith    .   (no shield)
rNeg     . . .     Spirit   .   b - +2 leather armour
rPois    .         Reflect  .   (no helmet)
rElec    .         Harm     .   (no cloak)
rCorr    .         Rampage  .   (no gloves)
Will     .....                  (no boots)
Stlth    +.........             (no amulet)
HPRegen  0.09/turn              (no ring)
MPRegen  0.08/turn              (no ring)

@: lethally poisoned (-1 -> -16)
A: no striking features
a: no special abilities


You were on level 1 of the Dungeon.
You visited 1 branch of the dungeon, and saw 1 of its levels.

You collected 16 gold pieces.

Inventory:

Hand Weapons
 a - a +0 hand axe of chaos (weapon)
Armour
 b - a +2 leather armour (worn)
Scrolls
 c - a scroll of enchant weapon {unknown}
 d - a scroll of acquirement {unknown}


   Skills:
 + Level 3.8 Fighting
 + Level 4.2 Axes
 + Level 2.4 Armour
 + Level 1.0 Dodging


You had one spell level left.
You didn't know any spells.
Your spell library was empty.

Dungeon Overview and Level Annotations

Branches:
Dungeon (1/15)

Altars:


Message History

You open the door.
There is an open door here.
A goblin comes into view. It is wielding a +0 dagger.
The goblin shouts!
You hear a shout!
A goblin is nearby!
A kobold comes into view. It is wielding a +4 dagger of venom.
Found a scroll labelled PUKOCV MECZI.
The goblin closely misses you.
You hit the goblin.
You kill the goblin!
You have reached level 2!
The kobold hits you with a +4 dagger of venom.
You are poisoned.
You barely miss the kobold.
You feel very sick.
A kobold comes into view. It is wielding a +0 dagger.
The kobold barely misses you.
You miss the kobold.
You feel sick.
The kobold hits you with a +4 dagger of venom.
You hit the kobold.
The kobold flickers and vanishes!
Deactivating autopickup; reactivate with Ctrl-A.
You closely miss the kobold.
You feel sick. Something hits you.
You are more poisoned.
The kobold closely misses you.
You closely miss something. You closely miss the kobold.
You feel very sick. Something hits you. The kobold hits you but does no damage.
Something hits you.
* * * LOW HITPOINT WARNING * * *
You are more poisoned.
You hit something. You freeze something.
Reactivating autopickup.
You feel a bit more experienced.
You hit the kobold but do no damage. You drain the kobold.
* * * LOW HITPOINT WARNING * * *
You feel very sick. The kobold hits you but does no damage.
Unknown command.
You hit the kobold.
The kobold suddenly stops moving!
The kobold is severely wounded.
You die...

#....# #....#
#.###....##############
#........'.............
####....##############
#...).# #.#.#.#.#.#
#.......... #.#@#.#.#.#
#..)K...... #.#.#.#.#.#
#...?...... # #.# #.#.#
... .... #.# #.# ... ..


You could see a kobold (paralysed, drained).

Vanquished Creatures
  2 endoplasms (D:1)
  A goblin (D:1)
  2 bats (D:1)
  A frilled lizard (D:1)
  2 kobolds (D:1)
  A rat (D:1)
9 creatures vanquished.

Notes
Turn   | Place    | Note
-------+----------+-------------------------------------------
     0 | D:1      | apoch the Hill Orc Chaos Knight began the quest for the
                  | Orb.
     0 | D:1      | Reached XP level 1. HP: 19/19 MP: 1/1
   105 | D:1      | Fell from the grace of Xom
   473 | D:1      | Reached skill level 1 in Dodging
   559 | D:1      | Reached XP level 2. HP: 27/27 MP: 2/2
   566 | D:1      | Succumbed to a kobold's poison

Illustrated notes

Levels and vault maps discovered:
D:1:      heliophobic_arrival_dark_side_of_the_moon, layout_basic, st_stairs_10

Skill      XL: |  1 |
---------------+----+-----
Dodging        | 1 |  1.0
Fighting       | |  3.8
Axes           | |  4.2
Armour         | |  2.4

Action                   || total
-------------------------++-------
Melee: Hand axe          ||    24
Invok: Renounce Religion ||     1
Armor: Leather armour    ||     6
Dodge: Dodged            ||    15
